 Dungeon Crawl Stone Soup version 0.22.1-2-g9c5b331 (webtiles) character file.

7104 diana the Unseen (level 11, -4/64 HPs)
             Began as an Octopode Assassin on Dec 28, 2018.
             Was an Initiate of Gozag.
             Slain by a two-headed ogre
             ... wielding a +0 giant club
              (15 damage)
             ... on level 10 of the Dungeon.
             The game lasted 00:21:17 (10828 turns).

diana the Unseen (Octopode Assassin)               Turns: 10828, Time: 00:21:18

Health: -4/64      AC:  1    Str: 10    XL:     11   Next: 10%
Magic:  13/13      EV: 19    Int: 17    God:    Gozag
Gold:   233        SH:  0    Dex: 17    Spells: 3/12 levels left

rFire    . . .     SeeInvis .   b - +0 blowgun
rCold    . . .     Gourm    .   (no shield)
rNeg     . . .     Faith    .   (helmet restricted)
rPois    .         Spirit   .   z - amulet "Cijove" {RegenMP Slay+2}
rElec    .         Reflect  .   l - +3 ring of intelligence
rCorr    .         Harm     .   k - +4 ring of slaying
MR       .....                  B - ring of flight
Stlth    +++++++...             (no ring)
HPRegen  0.20/turn              (no ring)
MPRegen  0.38/turn              (no ring)
                                (no ring)
                                (no ring)

@: no status effects
A: almost no armour, stealthy swim, amphibious, 8 rings, constrict 8, camouflage
1, gelatinous body 1, evolution 1
a: Potion Petition, Call Merchant, Bribe Branch, Renounce Religion, Evoke Flight


You were on level 10 of the Dungeon.
You worshipped Gozag.
Gozag was aware of your devotion.
You were hungry.

You visited 2 branches of the dungeon, and saw 11 of its levels.

You collected 1323 gold pieces.
You paid 1090 gold pieces to Gozag.

Inventory:

Hand Weapons
 b - a +0 blowgun (weapon)
 x - a +3 dagger
Missiles
 c - 69 poisoned needles (quivered)
 C - a throwing net
Armour
 n - a +0 shield
Jewellery
 g - a cursed -3 ring of intelligence
 k - a +4 ring of slaying (right tentacle)
 l - a +3 ring of intelligence (left tentacle)
 z - the amulet "Cijove" (around mantle) {RegenMP Slay+2}
   (You found it on level 9 of the Dungeon)

   [amulet of magic regeneration]

   It increases your magic regeneration.
   It affects your accuracy and damage with ranged weapons and melee attacks
   (+2).
 B - a ring of flight (on tentacle)
 D - an uncursed amulet of rage
Wands
 o - a wand of flame (64)
 t - a wand of acid (8)
 u - a wand of enslavement (14)
Scrolls
 e - 2 scrolls of remove curse
 h - 3 scrolls of magic mapping
 i - a scroll of fear {unknown}
 j - 4 scrolls of amnesia
 m - 2 scrolls of noise
 r - 2 scrolls of random uselessness
 s - 4 scrolls of immolation
 v - 2 scrolls of teleportation
 w - 4 scrolls of blinking
 y - 3 scrolls of enchant armour {unknown}
 E - a scroll of identify
 F - a scroll of enchant weapon {unknown}
Potions
 a - a potion of lignification
 p - 2 potions of brilliance
 q - 2 potions of might
 A - 2 potions of curing
Comestibles
 f - 16 rations


   Skills:
 - Level 2.0 Fighting
 + Level 8.5 Short Blades
 - Level 2.0 Throwing
 + Level 8.3 Dodging
 * Level 16.2 Stealth
 + Level 1.3 Spellcasting
 + Level 1.9 Poison Magic


You had 3 spell levels left.
You knew the following spells:

 Your Spells              Type           Power        Failure   Level  Hunger
a - Ensorcelled Hibernat  Hex/Ice        #.....       30%         2    ###....
b - Blink                 Tloc           N/A          30%         2    ###....
c - Slow                  Hex            #.......     30%         2    ###....
d - Mephitic Cloud        Conj/Pois/Air  #.......     43%         3    ####...

Your spell library contained the following spells:

 Spells                   Type           Power        Failure   Level  Hunger
 Animate Skeleton         Necr           N/A          21%         1    ##.....
 Magic Dart               Conj           #...         21%         1    ##.....
 Pain                     Necr           #...         21%         1    ##.....
 Call Imp                 Summ           #.......     30%         2    ###....
 Conjure Flame            Conj/Fire      #.......     52%         3    ####...
 Regeneration             Chrm/Necr      #.........   52%         3    ####...
 Vampiric Draining        Necr           #.........   52%         3    ####...
 Animate Dead             Necr           N/A          90%         4    #####..
 Borgnjor's Vile Clutch   Necr/Erth      #.........   99%         5    ######.
 Silence                  Hex/Air        #.........   99%         5    ######.
 Darkness                 Hex            #.........   100%        6    #######
 Shadow Creatures         Summ           N/A          100%        6    #######


Dungeon Overview and Level Annotations

Branches:
Dungeon (10/15)            Temple (1/1) D:6            Lair (0/6) D:10
    Orc (0/2) D:10

Altars:
Ashenzari
Cheibriados
Dithmenos
Elyvilon
Fedhas
Gozag
Hepliaklqana
Kikubaaqudgha
Makhleb
Nemelex Xobeh
Okawaru
Qazlal
Ru
Sif Muna
Trog
Uskayaw
Vehumet
Wu Jian
Yredelemnul
The Shining One

Shops:
D:5 ::}%


Innate Abilities, Weirdness & Mutations

You cannot wear most types of armour.
You are very stealthy in the water. (Stealth+)
You are amphibious.
You can wear up to eight rings at the same time.
You can use your tentacles to constrict eight enemies at once.
Your skin changes colour to match your surroundings (Stealth+).
Your rubbery body absorbs attacks. (AC +1, EV +1)
You evolve.


Message History

b - a +0 blowgun (weapon)
The two-headed ogre misses you.
The two-headed ogre hits you with a giant club!
Firing (i - inventory. (/) - cycle)
d - 2 curare-tipped needles
Press: ? - help, Shift-Dir - straight line, f - two-headed ogre
Aim: a two-headed ogre, wielding two giant clubs You shoot a curare-tipped needle.
The curare-tipped needle closely misses the two-headed ogre.
Firing (i - inventory. (/) - cycle)
d - a curare-tipped needle (quivered)
Press: ? - help, Shift-Dir - straight line, f/p - two-headed ogre
Aim: a two-headed ogre, wielding two giant clubs You shoot a curare-tipped needle.
The curare-tipped needle completely misses the two-headed ogre.
The two-headed ogre completely misses you.
The two-headed ogre hits you with a giant club!!
* * * LOW HITPOINT WARNING * * *
The two-headed ogre barely misses you.
The two-headed ogre hits you with a giant club!
You die...
Your body crumbles into a pile of gold.

####### ######### #### ####.....#
#.......#######... ...'.....###
#.......#.........
####.....'.#####.........#####...
# #.....#.............### #...
#.....#######@...<..# #...
#.....# #.O.....# #... #.....#
###.##### #... ###+### #.# #...
#.# ##.# ####'### #.. #......#
##. ##+### ###......# . #....#
#.'......# .


You could see a two-headed ogre.

Vanquished Creatures
  Fannar (D:10)
  A two-headed ogre (D:5)
  The ghost of Goblin1989 the Cleaver, a novice DDFi of Makhleb (D:8)
  A troll (D:9)
  A hippogriff (D:7)
  Sigmund (D:5)
  A wyvern (D:8)
  4 yaks
  A water moccasin (D:7)
  2 orc warriors
  2 ice beasts
  2 phantoms
  A sky beast (D:7)
  2 centaurs (D:8)
  5 ogres
  A big kobold (D:9)
  4 bullfrogs
  A scorpion (D:8)
  4 killer bees (D:9)
  5 wights (D:6)
  8 howler monkeys
  A crimson imp (D:9)
  2 quasits
  A centaur zombie (D:9)
  A jelly (D:9)
  5 orc priests
  10 orc wizards
  2 bullfrog skeletons
  A centaur skeleton (D:7)
  3 hounds
  7 iguanas
  Natasha (thrice) (D:2)
  7 worker ants
  A hound skeleton (D:10)
  3 worker ant zombies
  Robin (D:4)
  4 gnolls
  5 adders
  2 oozes
  2 adder zombies (D:9)
  A worm (D:2)
  3 dart slugs
  5 leopard geckos
  35 orcs
  6 giant cockroaches
  13 goblins
  13 hobgoblins
  6 jackals
  4 quokkas
  2 ball pythons
  13 bats
  4 frilled lizards
  18 kobolds
  A leopard gecko skeleton (D:4)
  6 rats
240 creatures vanquished.

Notes
Turn   | Place    | Note
-------+----------+-------------------------------------------
     0 | D:1      | diana the Octopode Assassin began the quest for the Orb.
     0 | D:1      | Reached XP level 1. HP: 14/14 MP: 1/1
   240 | D:1      | Reached XP level 2. HP: 14/19 MP: 2/2
   419 | D:1      | Reached skill level 6 in Stealth
   440 | D:1      | Reached XP level 3. HP: 19/24 MP: 3/3
   868 | D:2      | Noticed Natasha
   878 | D:2      | Killed Natasha
   879 | D:2      | Reached XP level 4. HP: 20/29 MP: 4/4
   893 | D:2      | Noticed Natasha
   899 | D:2      | Killed Natasha
   914 | D:2      | Reached skill level 7 in Stealth
  1245 | D:2      | Noticed Natasha
  1264 | D:2      | Killed Natasha
  1264 | D:2      | Reached XP level 5. HP: 30/34 MP: 5/5
  1301 | D:2      | Found a stormy altar of Qazlal.
  1537 | D:2      | Found an ornate altar of the Wu Jian Council.
  2401 | D:3      | Reached XP level 6. HP: 35/39 MP: 6/6
  2452 | D:3      | Noticed a phantom
  2692 | D:4      | Reached skill level 8 in Stealth
  3073 | D:4      | Noticed Robin
  3080 | D:4      | Killed Robin
  3393 | D:5      | Entered Level 5 of the Dungeon
  3420 | D:5      | Found a shadowy altar of Dithmenos.
  3457 | D:5      | Reached skill level 9 in Stealth
  3457 | D:5      | Reached XP level 7. HP: 45/45 MP: 7/7
  3720 | D:5      | Noticed Sigmund
  3729 | D:5      | Killed Sigmund
  3729 | D:5      | Reached skill level 10 in Stealth
  3759 | D:5      | Noticed a two-headed ogre
  4194 | D:5      | Found Derycemn's Food Shop.
  4206 | D:5      | Found Cecw's Gadget Emporium.
  4309 | D:5      | Found Reubish's Book Boutique.
  4364 | D:5      | Reached XP level 8. HP: 50/50 MP: 8/8
  4371 | D:5      | Found a snail-covered altar of Cheibriados.
  4375 | D:5      | Found a white marble altar of Elyvilon.
  4375 | D:5      | Found a sacrificial altar of Ru.
  4555 | D:5      | Found Qiclido's Book Shoppe.
  4628 | D:5      | Killed a two-headed ogre
  4628 | D:5      | Reached skill level 5 in Short Blades
  4628 | D:5      | Reached skill level 5 in Dodging
  4628 | D:5      | Reached skill level 11 in Stealth
  5008 | D:6      | Found a shattered altar of Ashenzari.
  5057 | D:6      | Reached skill level 12 in Stealth
  5097 | D:6      | Reached XP level 9. HP: 14/54 MP: 9/9
  5901 | D:6      | Found a staircase to the Ecumenical Temple.
  5935 | Temple   | Entered the Ecumenical Temple
  6137 | Temple   | Became a worshipper of Gozag Ym Sagoz the Greedy
  6447 | D:6      | Reached skill level 13 in Stealth
  7650 | D:8      | Gained mutation: You are frail. (-10% HP) [potion of
                  | mutation]
  7650 | D:8      | Gained mutation: You evolve. [potion of mutation]
  7653 | D:8      | Reached skill level 14 in Stealth
  7659 | D:8      | Reached XP level 10. HP: 30/54 MP: 10/10
  7710 | D:8      | Found a bloodstained altar of Trog.
  7793 | D:8      | Found an ancient bone altar of Kikubaaqudgha.
  8230 | D:8      | Found a runed door.
  8230 | D:8      | Noticed Goblin1989's ghost (novice DDFi)
  8786 | D:8      | Killed Goblin1989's ghost
  8786 | D:8      | Reached skill level 15 in Stealth
  8916 | D:9      | Got a transparent tin amulet
  8927 | D:9      | Identified the amulet "Cijove" {RegenMP Slay+2} (You found
                  | it on level 9 of the Dungeon)
  9325 | D:9      | Found an iron altar of Okawaru.
  9578 | D:10     | Entered Level 10 of the Dungeon
  9625 | D:10     | Lost mutation: You are frail. (-10% HP) [evolution]
  9711 | D:10     | Found a staircase to the Lair.
 10228 | D:9      | HP: 3/60 [quasit (2)]
 10301 | D:10     | Noticed Fannar
 10475 | D:10     | Learned a level 2 spell: Ensorcelled Hibernation
 10478 | D:10     | Learned a level 2 spell: Blink
 10481 | D:10     | Learned a level 2 spell: Slow
 10485 | D:10     | Learned a level 3 spell: Mephitic Cloud
 10552 | D:10     | HP: 3/60 [yak (16)]
 10636 | D:10     | Found a staircase to the Orcish Mines.
 10645 | D:10     | HP: 1/60 [Fannar/staff of cold (12)]
 10655 | D:10     | Killed Fannar
 10655 | D:10     | Reached skill level 16 in Stealth
 10655 | D:10     | Reached skill level 1 in Spellcasting
 10655 | D:10     | Reached skill level 1 in Poison Magic
 10655 | D:10     | Reached XP level 11. HP: 32/64 MP: 10/12
 10797 | D:10     | Noticed a two-headed ogre
 10828 | D:10     | Slain by a two-headed ogre

Skill      XL: |  1  2  3  4  5  6  7  8  9 10 |
---------------+-------------------------------+-----
Stealth        | 6 7 9 10 12 14 16 | 16.2
Dodging        | 2 3 4 5 6 8 |  8.3
Short Blades   | 3 4 5 7 8 |  8.5
Spellcasting   | 1 |  1.3
Poison Magic   | 1 |  1.9
Fighting       | |  2.0
Throwing       | |  2.0

Action                   |  1- 3 |  4- 6 |  7- 9 | 10-12 || total
-------------------------+-------+-------+-------+-------++-------
Melee: Dagger            |    46 |   138 |   208 |   185 ||   577
       Constrict         |    11 |    41 |    34 |    25 ||   111
       Tentacles         |     6 |    26 |    54 |    34 ||   120
 Fire: Blowgun           |       |       |    10 |     2 ||    12
Invok: Potion Petition   |       |       |       |     4 ||     4
  Use: Potion            |     4 |     2 |     4 |     3 ||    13
       Scroll            |       |     3 |     1 |    10 ||    14
 Stab: Sleeping          |    11 |    12 |    17 |    21 ||    61
       Distracted        |       |     2 |     5 |     2 ||     9
       Invisible         |       |       |       |     2 ||     2
  Eat: Chunk             |       |     7 |     5 |     1 ||    13
       Ration            |       |       |     3 |     2 ||     5
Armor: Skin              |     4 |     8 |     3 |     2 ||    17
Dodge: Dodged            |    41 |    81 |   113 |   139 ||   374
